 Dungeon Crawl Stone Soup version 0.24-a0-317-g5cb8de4 (webtiles) character file.

Game seed: 12279267324085497201

14 mhoghedin the Digger (level 2, -1/20 HPs)
             Began as a Demigod Earth Elementalist on May 16, 2019.
             Slain by a gnoll
             ... wielding a +0 flail
              (12 damage)
             ... on level 1 of the Dungeon.
             The game lasted 00:01:30 (699 turns).

mhoghedin the Digger (Demigod Earth Elementalist)    Turns: 699, Time: 00:01:31

Health: -1/20      AC:  2    Str: 11    XL:     2   Next: 18%
Magic:  3/7        EV: 12    Int: 19    God:
Gold:   10         SH:  0    Dex: 16    Spells: 2/5 levels left

rFire    . . .     SeeInvis .   a - +0 dagger
rCold    . . .     Gourm    .   (no shield)
rNeg     . . .     Faith    .   c - +0 robe
rPois    .         Spirit   .   (no helmet)
rElec    .         Reflect  .   (no cloak)
rCorr    .         Harm     .   (no gloves)
MR       .....                  (no boots)
Stlth    ++........             (no amulet)
HPRegen  0.06/turn              (no ring)
MPRegen  0.10/turn              (no ring)

@: no status effects
A: high mp 1
a: no special abilities


You were on level 1 of the Dungeon.
You were not hungry.

You visited 1 branch of the dungeon, and saw 1 of its levels.

You collected 10 gold pieces.

Inventory:

Hand Weapons
 a - a +0 dagger (weapon)
   (You took it off a kobold on level 1 of the Dungeon)
Missiles
 b - 23 stones (quivered)
Armour
 c - a +0 robe (worn)
Scrolls
 f - a scroll of immolation {unknown}
Potions
 e - a potion of mutation {unknown}
Comestibles
 d - a ration
 g - a chunk of flesh {@w0}


   Skills:
 - Level 1.7 Dodging
 - Level 1.7 Stealth
 + Level 2.2 Spellcasting
 - Level 0.8 Transmutations
 + Level 3.1 Earth Magic


You had 2 spell levels left.
You knew the following spells:

 Your Spells              Type           Power        Failure   Level  Hunger
a - Sandblast             Erth           ##....       4%          1    #......
w - Passwall              Tmut/Erth      #.......     11%         2    ##.....

Your spell library contained the following spells:

 Spells                   Type           Power        Failure   Level  Hunger
 Stone Arrow              Conj/Erth      #.....       26%         3    ###....
 Petrify                  Tmut/Erth      #.......     58%         4    #####..
 Lee's Rapid Deconstruct  Erth           ##........   77%         5    ######.


Dungeon Overview and Level Annotations

Branches:
Dungeon (1/15)


Innate Abilities, Weirdness & Mutations

You have an increased reservoir of magic. (+10% MP)


Message History

Aim: a giant cockroach (clinging)
The blast of sand misses the giant cockroach.
The blast of sand misses the kobold.
b - 32 stones The giant cockroach bites you but does no damage.
Aim: a giant cockroach (clinging)
The blast of sand misses the giant cockroach.
The blast of sand misses the kobold.
b - 31 stones The giant cockroach closely misses you.
You now have 2/5 mp.
Aim: a giant cockroach (clinging)
The blast of sand hits the giant cockroach!
You kill the giant cockroach!
You have reached level 2!
b - 30 stones Health restored: 20 You now have 1/7 mp.
Aim: a kobold, wielding a +0 short sword The blast of sand hits the kobold!
You kill the kobold!
b - 29 stones You now have 0/7 mp.
You start resting.
MP restored: 7 Memorise Passwall, consuming 2 spell levels and leaving 2?
You start memorising the spell.
You continue memorising. x2
You finish memorising.
Spell assigned to 'w'.
A rock wall.
You begin to meditate on the wall.
You continue meditating on the rock. x2
You finish merging with the rock.
You now have 5/7 mp.
b - 30 stones (gained 1)
Items here: ) ††† a +0 short sword; a kobold corpse; a giant cockroach corpse; a kobold corpse
Found a stone staircase leading down.
You now have 10 gold pieces.
You see here a cursed +0 short sword.
You see here a hunting sling.
You see here a dagger.
You see here a ring mail.
Found a stone staircase leading down.
MP restored: 7 Unknown command.
f - a scroll labeled CIG PEATIONAA A hobgoblin comes into view.
A hobgoblin is nearby!
You can't see any susceptible monsters within range! (Use Z to cast anyway.) Unknown command.
Aim: a hobgoblin (resting)
The blast of sand hits the hobgoblin!
You kill the hobgoblin!
b - 29 stones You now have 6/7 mp.
You see here a hobgoblin corpse.
You butcher the hobgoblin corpse.
g - a chunk of flesh {@w0} You see here a hobgoblin skeleton.
You see here a ring mail.
A bat comes into view.
MP restored: 7 A bat is nearby!
The bat closely misses you.
Aim: a bat The blast of sand hits the bat.
b - 28 stones The bat hits you.
You take 1 damage, and have 19/20 hp.
You now have 6/7 mp.
Aim: a bat (heavily wounded)
The blast of sand hits the bat!
You kill the bat!
b - 27 stones You now have 5/7 mp.
A bat comes into view.
Health restored: 20 A bat is nearby!
Aim: a bat (resting)
The blast of sand hits the bat!
You kill the bat!
b - 26 stones A gnoll comes into view. It is wielding a +0 flail.
The gnoll shouts!
A gnoll is nearby!
You can't see any susceptible monsters within range! (Use Z to cast anyway.)
Aim: a gnoll, wielding a +0 flail The blast of sand hits the gnoll.
b - 25 stones You now have 4/7 mp.
Aim: a gnoll, wielding a +0 flail (moderately wounded)
The blast of sand hits the gnoll.
b - 24 stones The gnoll hits you with a +0 flail!
You take 9 damage, and have 11/20 hp.
MASSIVE DAMAGE!!
Aim: a gnoll, wielding a +0 flail (heavily wounded)
The blast of sand hits the gnoll but does no damage.
b - 23 stones The gnoll hits you with a +0 flail!
Ouch! That really hurt!
You die...

#######.#
#.......#
#.#######
#.# #.# #.#
#.#########
#.........#
#########@#
#.##g#
#....#
#.####
#....#
#.g..g....#
#.(......†#
#.........#
#..........?


You could see a gnoll.

Vanquished Creatures
  A giant cockroach (D:1)
  A goblin (D:1)
  2 hobgoblins (D:1)
  3 bats (D:1)
  5 kobolds (D:1)
  2 rats (D:1)
14 creatures vanquished.

Notes
Turn   | Place    | Note
-------+----------+-------------------------------------------
     0 | D:1      | mhoghedin the Demigod Earth Elementalist began the quest
                  | for the Orb.
     0 | D:1      | Reached XP level 1. HP: 14/14 MP: 5/5
    98 | D:1      | Reached skill level 2 in Spellcasting
   234 | D:1      | Reached skill level 3 in Earth Magic
   456 | D:1      | Reached XP level 2. HP: 20/20 MP: 1/7
   528 | D:1      | Learned a level 2 spell: Passwall
   699 | D:1      | Slain by a gnoll

Levels and vault maps discovered:
D:1:      noname_arrival_rooms_in_the_neighbourhood, layout_basic

Skill      XL: |  1 |
---------------+----+-----
Spellcasting   | 2 |  2.2
Earth Magic    | 3 |  3.1
Dodging        | |  1.7
Stealth        | |  1.7
Transmutations | |  0.8

Action                   || total
-------------------------++-------
 Cast: Sandblast         ||    25
       Passwall          ||     1
Armor: Robe              ||     3
Dodge: Dodged            ||     9

Table legend:
 A = Non-vault XP
 B = Vault XP
 C = Vault XP percentage of total XP
 D = Non-vault monster count
 E = Vault monster count
 F = Vault count percentage of total count
                 A         B        C        D         E       F
            +---------+---------+-------+---------+---------+-------
      Total |      21 |       0 |   0.0 |      14 |       0 |   0.0
            +---------+---------+-------+---------+---------+-------
        D:1 |      21 |       0 |   0.0 |      14 |       0 |   0.0
            +---------+---------+-------+---------+---------+-------

Levels and vault maps discovered:
D:1:      noname_arrival_rooms_in_the_neighbourhood, layout_basic

Table legend:
 A = Turns spent in this place as a percentage of turns spent in the entire game.
 B = Non-inter-level travel turns spent in this place as a percentage of non-inter-level travel turns spent in the entire game.
 C = Inter-level travel turns spent in this place as a percentage of turns spent in this place.
 D = Turns resting spent in this place as a percentage of non-inter-level travel turns spent in this place.
 E = Turns spent auto-exploring this place as a percentage of non-inter-level travel turns spent in this place.
 F = Non-inter-level travel turns spent in this place divided by the number of levels of this place that you've seen.
                   A       B       C       D       E      F
               +-------+-------+-------+-------+-------+----------------------
         Total | 100.0 | 100.0 |   0.0 |  55.1 |  29.9 | 699.0
       Dungeon | 100.0 | 100.0 |   0.0 |  55.1 |  29.9 | 699.0
               +-------+-------+-------+-------+-------+----------------------

Table legend:
 A = Kills in this place as a percentage of kills in entire the game.
 B = Kills by you in this place as a percentage of kills by you in the entire game.
 C = Kills by friends in this place as a percentage of kills by friends in the entire game.
 D = Other kills in this place as a percentage of other kills in the entire game.
 E = Experience gained in this place as a percentage of experience gained in the entire game.
 F = Experience gained in this place divided by the number of levels of this place that you have seen.
                   A       B       C       D       E      F
               +-------+-------+-------+-------+-------+----------------------
         Total | 100.0 | 100.0 |   N/A |   N/A | 100.0 |  21.0
       Dungeon | 100.0 | 100.0 |   N/A |   N/A | 100.0 |  21.0
               +-------+-------+-------+-------+-------+----------------------
